 Dungeon Crawl Stone Soup version 0.19-a0-1320-g0178847 (webtiles) character file.

107372 st0uf the Thaumaturge (level 16, -14/96 HPs)
             Began as a Gargoyle Earth Elementalist on Aug 30, 2016.
             Was a High Priest of Vehumet.
             Killed by a resonance strike
             ... invoked by a ragged hierophant
              (43 damage)
             ... in the Desolation of Salt on Aug 31, 2016.
             The game lasted 05:03:48 (34772 turns).

st0uf the Thaumaturge (GrEE)                       Turns: 34772, Time: 05:03:49

Health: -14/96     AC: 21    Str: 21    XL:     16   Next: 46%
Magic:  4/33       EV: 15    Int: 21    God:    Vehumet [*****.]
Gold:   2337       SH:  8    Dex: 10    Spells: 8 memorised, 10 levels left

rFire  + . .     SeeInvis .     Y - +10 whip of Wisixup {slash, MR++ Str+2}
rCold  + . .     Gourm    .     v - +2 leather armour {rF+}
rNeg   + + .     Faith    .     t - +0 buckler
rPois  ∞         Spirit   .     n - +1 hat
rElec  +         Dismiss  .     X - +0 cloak (curse)
rCorr  .         Reflect  +     (no gloves)
MR     +++..     Harm     .     I - +0 pair of boots
Stlth  ++........               w - amulet of Monotheism {Reflect rPois rN+ SH+2}
                                o - ring of protection from cold
                                p - +5 ring of strength

@: manticore barbs, flying
A: big wings, horns 1, blink, negative energy resistance 1, electricity
resistance, unbreathing, petrification resistance, rot immunity, AC +11
a: Stop Flying, Blink, Renounce Religion


You were in the Desolation of Salt.
You worshipped Vehumet.
Vehumet was extremely pleased with you.
You were not hungry.

You visited 6 branches of the dungeon, and saw 26 of its levels.
You also visited: Sewer, Ice Cave, Volcano and Desolation.

You collected 3025 gold pieces.
You spent 688 gold pieces at shops.

Inventory:

Hand Weapons
 a - a +1 dire flail of holy wrath
 Y - the +10 whip of Wisixup (weapon) {slash, MR++ Str+2}
   (You found it on level 3 of the Lair of Beasts)

   It inflicts extra damage upon your enemies.
   It affects your strength (+2).
   It affects your resistance to hostile enchantments.
Missiles
 b - 400 stones (quivered)
Armour
 n - a +1 hat (worn)
 t - a +0 buckler (worn)
 v - a +2 leather armour of fire resistance (worn)
 I - a +0 pair of boots (worn)
 R - the +4 ring mail of Bohorypn {Dex+8}
   (You found it on level 13 of the Dungeon)

   It affects your dexterity (+8).
 X - a cursed +0 cloak (worn)
Rods
 k - a +0 lightning rod (9/9)
   (You found it on level 6 of the Dungeon)
Jewellery
 c - an uncursed ring of protection from magic {unknown}
 o - a ring of protection from cold (right hand)
 p - a +5 ring of strength (left hand)
 q - an uncursed ring of resist corrosion
 w - the amulet of Monotheism (around neck) {Reflect rPois rN+ SH+2}
   (You found it in an ice cave)

   [amulet of reflection]

   It shields you and reflects attacks.
   It protects you from poison.
   It protects you from negative energy.
   It affects your SH (+2).
 C - an uncursed ring of fire
 O - an uncursed ring of see invisible
 U - a +3 ring of dexterity
Wands
 u - a wand of heal wounds (3/9)
 x - a wand of disintegration (19/24)
Scrolls
 h - 10 scrolls of identify
 j - 4 scrolls of magic mapping
 l - a scroll of fear
 m - 5 scrolls of teleportation
 s - 10 scrolls of remove curse
 y - 3 scrolls of fog
 J - 4 scrolls of blinking
Potions
 g - a potion of magic
 i - 9 potions of heal wounds
 r - a potion of cancellation
 z - 5 potions of resistance
 A - 2 potions of ambrosia
 D - 4 potions of agility
 E - 11 potions of curing
 F - 4 potions of brilliance
 G - 5 potions of might
 H - 6 potions of haste
 N - 5 potions of berserk rage
Books
 e - a book of Geomancy

   Spells                             Type                      Level
   a - Sandblast                      Earth                        1
   b - Passwall                       Transmutation/Earth          2
   c - Stone Arrow                    Conjuration/Earth            3
   d - Petrify                        Transmutation/Earth          4
   e - Lee's Rapid Deconstruction     Earth                        5
 K - a book of Fire

   Spells                             Type                      Level
   a - Ignite Poison                  Fire/Transmutation/Poison    3
   b - Fireball                       Conjuration/Fire             5
   c - Bolt of Fire                   Conjuration/Fire             6
   d - Delayed Fireball               Conjuration/Fire             7
   e - Ring of Flames                 Charms/Fire                  7
 Z - a book of Flames

   Spells                             Type                      Level
   a - Flame Tongue                   Conjuration/Fire             1
   b - Throw Flame                    Conjuration/Fire             2
   c - Conjure Flame                  Conjuration/Fire             3
   d - Inner Flame                    Hexes/Fire                   3
   e - Sticky Flame                   Conjuration/Fire             4
   f - Fireball                       Conjuration/Fire             5
Miscellaneous
 f - a fan of gales
 M - a crystal ball of energy
Comestibles
 d - 11 bread rations


   Skills:
 + Level 9.4 Fighting
 + Level 8.8 Maces & Flails
 + Level 9.0 Armour
 + Level 7.3 Dodging
 - Level 2.1 Stealth
 + Level 9.6 Shields
 * Level 13.0 Spellcasting
 + Level 10.3 Conjurations
 - Level 0.7 Transmutations
 + Level 7.2 Fire Magic
 + Level 12.0 Earth Magic
 + Level 7.7 Evocations


You had 10 spell levels left.
You knew the following spells:

 Your Spells              Type           Power        Failure   Level  Hunger
a - Sandblast             Erth           ######       1%          1    None
b - Stone Arrow           Conj/Erth      ######       1%          3    None
c - Mephitic Cloud        Conj/Pois/Air  ####....     1%          3    None
d - Lee's Rapid Deconstr  Erth           ######....   1%          5    ####...
e - Bolt of Magma         Conj/Fire/Erth ######....   1%          5    ####...
f - Fireball              Conj/Fire      ######....   1%          5    ####...
g - Ignite Poison         Fire/Tmut/Pois ###.....     2%          3    None
h - Iron Shot             Conj/Erth      ######....   3%          6    #####..


Dungeon Overview and Level Annotations

Branches:
Dungeon (15/15)            Temple (1/1) D:4            Lair (6/6) D:11
 Shoals (1/4) Lair:3        Snake (0/4) Lair:2        Slime (0/5) Lair:6
    Orc (2/2) D:9             Elf (1/3) Orc:2        Vaults (0/5) D:13
 Depths (0/5) D:15

Altars:
Ashenzari
Cheibriados
Dithmenos
Elyvilon
Fedhas
Gozag
Hepliaklqana
Kikubaaqudgha
Makhleb
Nemelex Xobeh
Okawaru
Qazlal
Ru
Sif Muna
Trog
Uskayaw
Vehumet
Yredelemnul
Zin
The Shining One
Beogh

Shops:
D:6 !   D:8 ?(   D:13 (?=?   D:14 (   Orc:2 *[(=

Annotations:
D:6 slayr's ghost, novice HaHu


Innate Abilities, Weirdness & Mutations

You are resistant to torment.
Your stone body is resilient. (AC +11)
You are immune to poison.
Your large and strong wings let you fly indefinitely.
You resist negative energy. (rN+)
You are resistant to electric shocks. (rElec)
You can survive without breathing.
You are immune to petrification.
You are immune to rotting.
You have a pair of small horns on your head.
You can translocate small distances at will.


Message History

The barbs in your skin will harm you if you move.
Continue?
The barbed spikes dig painfully into your body as you move.
The guardian serpent casts a spell.
The saltling blinks! x2; The peacekeeper blinks!
The saltling blinks! x3
The saltling barely misses you. You block the saltling's attack.
The saltling completely misses you.
The saltling hits you but does no damage.
The ragged hierophant hits you with a long sword.
You block the peacekeeper's attack. The peacekeeper claws you!
There is a gate leading back out of this place here.
You barely miss the imperial myrmidon.
The imperial myrmidon is heavily wounded.
The guardian serpent coils itself and performs some mystic snake dance.
The saltling misses you. The saltling barely misses you.
The saltling misses you. You block the saltling's attack.
The peacekeeper bites you!! You block the peacekeeper's attack.
You block the saltling's attack.
The ragged hierophant gestures at you while chanting.
A blast of power from the earth and the adjacent constructs strikes you!
You die...

,,§.§.8§.§§........#...,,,,,,,,,,
***#.§..§...........#...,,,,,,,,,
,,,#.§..................,,,,,,,,,
*,,#......§.8...........,,,,,,,,,
**##.........##.........,,,,,,,,,
,,..)......(#8..........,,,,,,,,,
,,.........Sp§.8........,,,*,,,,,
,*##.....§..L.8p88......,,,,,,,,,
*,,#8.....§.8888@8......,,,,,,,,,
,,,#...........p88......,,,,,,,,*
,**#............∩.......,,,,,,,,,
,,................8..#..,,,,,,,,,
,,..................p...,,,,,,,,,
,,,...#...........8.....,,,,,,,,,
,,,,§§..................,,,,,,,,,
,,,,,...................,,,,,,,,,
,,,,,,..................,,,,,,,,,


You could see a ragged hierophant, a servant of whispers, 2 imperial myrmidons,
a halazid warlock, 3 peacekeepers, a guardian serpent and 12 saltlings.

Vanquished Creatures
  An orc warlord (Orc:1)
  A frost giant (D:15)
  4 dire elephants (Lair:6)
  Snorg (Lair:3)
  Josephine (Shoals:1)
  A fire dragon (D:13)
  A merfolk impaler (Lair:3)
  2 hydras
  2 ice dragons (IceCv)
  A rakshasa (D:14)
  6 centaur warriors
  3 dancing weapons
  Erica (D:8)
  An anaconda (Lair:6)
  4 death yaks
  Urug (Lair:4)
  3 tengu warriors
  2 orc high priests (Orc:2)
  Sonja (Orc:2)
  Nergalle (Orc:1)
  4 deep elf knights (Elf:1)
  3 skeletal warriors (D:13)
  2 unseen horrors
  2 sea snakes
  3 deep elf archers
  9 hill giants
  4 lindwurms (Lair:2)
  4 harpies
  5 orc knights
  A griffon (D:12)
  A hornet (shapeshifter) (Elf:1)
  9 deep elf magi
  An orc sorcerer (Orc:2)
  An orb spider (shapeshifter) (D:13)
  A cyclops (D:11)
  A faun (Shoals:1)
  5 ugly things (D:13)
  A centaur zombie (D:14)
  5 elephants
  2 toenail golems (Volcano)
  2 ice statues (IceCv)
  3 black mambas
  2 water nymphs (Shoals:1)
  4 gargoyles
  A siren (Shoals:1)
  A vault sentinel (Desolation)
  14 spiny frogs
  4 rime drakes
  2 kobold demonologists (D:11)
  10 komodo dragons
  A yaktaur (D:15)
  2 freezing wraiths (D:14)
  2 tengu conjurers (D:15)
  2 efreet
  A polar bear (Lair:6)
  6 trolls
  25 blink frogs
  A two-headed ogre (Orc:1)
  Grinder (D:4)
  2 saltlings (Desolation)
  2 snapping turtles (Shoals:1)
  14 dream sheep (Lair:6)
  A centaur simulacrum (D:15)
  A shadow (D:15)
  3 wyverns
  A water elemental (Shoals:1)
  3 wraiths (Shoals:1)
  44 yaks
  A fire elemental (Orc:2)
  A basilisk (Lair:6)
  3 vampire mosquitoes (D:13)
  10 hippogriffs
  Grum (D:10)
  3 hungry ghosts
  A warg (Orc:2)
  3 mottled dragons
  3 nagas (Lair:2)
  8 water moccasins
  A hell hound (Volcano)
  A soldier ant (D:12)
  9 porcupines
  17 ice beasts
  8 sky beasts
  25 orc warriors
  4 phantoms
  2 wasps
  A black bear (D:10)
  An eye of draining (D:11)
  3 wolves (D:10)
  5 boggarts (D:14)
  21 ogres
  13 centaurs
  11 crocodiles
  5 big kobolds
  A gnoll sergeant (D:11)
  24 giant frogs
  2 wyvern skeletons (D:12)
  13 killer bees
  A scorpion (D:6)
  21 wights
  An electric eel (D:7)
  7 crimson imps
  3 howler monkeys
  4 lava snakes (Volcano)
  A giant frog zombie (D:5)
  6 hounds
  6 centaur skeletons
  9 orc priests
  6 jellies
  26 orc wizards
  Crazy Yiuf (D:7)
  3 giant frog skeletons
  4 iguanas
  12 worker ants
  4 hound skeletons
  2 worker ant zombies
  2 howler monkey skeletons
  10 adders
  9 gnolls
  27 river rats
  2 shadow imps
  7 oozes
  3 adder skeletons
  A worm (D:6)
  A dart slug (D:1)
  6 giant geckos
  57 orcs
  6 ball pythons
  9 bats
  9 giant cockroaches
  7 goblins
  7 hobgoblins
  36 jackals
  5 quokkas
  3 giant gecko skeletons
  7 giant newts
  34 kobolds
  5 rats
  4 fungi
  11 plants
843 creatures vanquished.

Vanquished Creatures (others)
  A centaur warrior (D:13)
  A cyclops (D:14)
  An orc warrior (Orc:2)
  2 centaurs
  An orc (Orc:2)
  6 fungi
  9 plants
21 creatures vanquished.

Grand Total: 864 creatures vanquished

Notes
Turn   | Place    | Note
-------+----------+-------------------------------------------
     0 | D:1      | st0uf the Gargoyle Earth Elementalist began the quest for the Orb.
     0 | D:1      | Reached XP level 1. HP: 10/10 MP: 3/3
   279 | D:1      | Reached XP level 2. HP: 9/15 MP: 3/5
  1035 | D:1      | Reached XP level 3. HP: 17/19 MP: 1/7
  1040 | D:1      | Learned a level 3 spell: Stone Arrow
  1252 | D:2      | Reached skill level 3 in Spellcasting
  1655 | D:2      | Reached skill level 1 in Conjurations
  1736 | D:2      | Reached XP level 4. HP: 19/24 MP: 1/8
  2276 | D:3      | Reached XP level 5. HP: 28/28 MP: 4/10
  2683 | D:4      | Found a staircase to the Ecumenical Temple.
  2704 | Temple   | Entered the Ecumenical Temple
  2786 | Temple   | Became a worshipper of Vehumet
  2898 | D:4      | Reached skill level 4 in Spellcasting
  2956 | D:4      | Found an iron altar of Okawaru.
  2956 | D:4      | Noticed Grinder
  2989 | D:4      | Paralysed by Grinder for 5 turns
  2995 | D:4      | Killed Grinder
  2995 | D:4      | Reached skill level 5 in Earth Magic
  2995 | D:4      | Reached XP level 6. HP: 19/32 MP: 3/13
  3228 | D:4      | Noticed a phantom
  3237 | D:4      | Killed a phantom
  3237 | D:4      | Reached skill level 5 in Spellcasting
  3237 | D:4      | Reached XP level 7. HP: 30/36 MP: 6/14
  3642 | D:4      | Reached * piety under Vehumet
  3642 | D:4      | Offered knowledge of Flame Tongue by Vehumet.
  3878 | D:5      | Entered Level 5 of the Dungeon
  4157 | D:5      | Found a shattered altar of Ashenzari.
  4170 | D:5      | Reached skill level 6 in Spellcasting
  4178 | D:5      | Reached XP level 8. HP: 40/41 MP: 8/17
  4807 | D:6      | Reached skill level 5 in Conjurations
  4920 | D:6      | Offered knowledge of Shock by Vehumet.
  4922 | D:6      | Reached ** piety under Vehumet
  4938 | D:6      | Noticed slayr's ghost (novice HaHu)
  5036 | D:6      | Found a glowing drain.
  5040 | Sewer    | Entered a sewer
  6071 | D:6      | HP: 2/41 [slayr's ghost (1)]
  6778 | D:6      | Reached skill level 7 in Spellcasting
  6819 | D:6      | Found Oddakh's Distillery.
  6827 | D:6      | Bought a potion of lignification for 36 gold pieces
  6827 | D:6      | Bought a potion of mutation for 30 gold pieces
  6827 | D:6      | Bought a potion of might for 48 gold pieces
  6827 | D:6      | Bought a potion of heal wounds for 60 gold pieces
  6827 | D:6      | Bought a potion of curing for 36 gold pieces
  7024 | D:6      | Reached skill level 1 in Maces & Flails
  7024 | D:6      | Reached skill level 1 in Armour
  7137 | D:6      | Reached skill level 1 in Fighting
  7137 | D:6      | Reached skill level 1 in Shields
  7309 | D:6      | Reached XP level 9. HP: 28/47 MP: 8/19
  7313 | D:6      | Reached skill level 1 in Evocations
  7732 | D:7      | Offered knowledge of Static Discharge by Vehumet.
  8209 | D:7      | Reached *** piety under Vehumet
  8714 | D:7      | Offered knowledge of Mephitic Cloud by Vehumet.
  8738 | D:7      | Learned a level 3 spell: Mephitic Cloud
  8815 | D:7      | Found a runed door.
  8819 | D:7      | Noticed Crazy Yiuf
  8821 | D:7      | Killed Crazy Yiuf
  9413 | D:8      | Found a bloodstained altar of Trog.
  9461 | D:8      | Noticed Erica
  9754 | D:8      | Reached XP level 10. HP: 55/55 MP: 13/21
  9802 | D:8      | Reached skill level 8 in Spellcasting
  9852 | D:8      | Reached **** piety under Vehumet
  9957 | D:8      | Found a glowing golden altar of the Shining One.
  9985 | D:8      | Learned a level 5 spell: Lee's Rapid Deconstruction
 10042 | D:8      | Got a twisted trident
 10043 | D:8      | Identified the +6 trident "Masmoy" {drain, MR++} (You found it on level 8 of the Dungeon)
 10256 | D:8      | Killed Erica
 10340 | D:8      | Found Tavievit's Antique Weapon Boutique.
 10342 | D:8      | Found Xedut's Magic Scroll Shop.
 10350 | D:8      | Bought a scroll of identify for 28 gold pieces
 10455 | D:8      | Offered knowledge of Iskenderun's Mystic Blast by Vehumet.
 11230 | D:9      | Found a staircase to the Orcish Mines.
 11597 | D:9      | Reached ***** piety under Vehumet
 11615 | D:9      | Offered knowledge of Airstrike by Vehumet.
 12015 | D:10     | Entered Level 10 of the Dungeon
 12498 | D:10     | Noticed Grum
 12538 | D:10     | Killed Grum
 12538 | D:10     | Reached XP level 11. HP: 36/61 MP: 4/23
 12729 | D:10     | Reached skill level 9 in Spellcasting
 14018 | D:11     | Got a distressingly furry helmet
 14019 | D:11     | Identified the +2 helmet of Defiance {rElec rN+} (You found it on level 11 of the Dungeon)
 14038 | D:11     | Found a staircase to the Lair.
 14038 | D:11     | Noticed a death yak
 14049 | D:11     | Noticed a cyclops
 14408 | D:10     | Killed a death yak
 14408 | D:10     | Reached skill level 5 in Maces & Flails
 14677 | D:11     | Noticed a hill giant
 14692 | D:11     | Killed a hill giant
 14790 | D:11     | Killed a cyclops
 14790 | D:11     | Reached skill level 5 in Armour
 15020 | D:11     | Reached skill level 5 in Fighting
 15473 | Lair:1   | Entered Level 1 of the Lair of Beasts
 15483 | Lair:1   | Reached XP level 12. HP: 68/68 MP: 2/25
 15675 | Lair:1   | Reached skill level 5 in Shields
 15741 | Lair:1   | Offered knowledge of Bolt of Magma by Vehumet.
 15762 | Lair:1   | Reached skill level 10 in Spellcasting
 15779 | D:11     | Learned a level 5 spell: Bolt of Magma
 16372 | Lair:1   | Reached skill level 1 in Fire Magic
 16811 | Lair:2   | Found a dark tunnel.
 16818 | Volcano  | Entered a volcano
 17196 | Volcano  | Found a burning altar of Makhleb.
 17213 | Volcano  | Found a burning altar of Makhleb.
 17281 | Lair:2   | Found a snail-covered altar of Cheibriados.
 17309 | Lair:2   | Found a staircase to the Snake Pit.
 17579 | Lair:2   | Reached skill level 5 in Dodging
 17831 | Lair:2   | You fall through a shaft for 2 floors!
 17868 | Lair:4   | Reached skill level 5 in Evocations
 17990 | Lair:3   | Learned a level 5 spell: Fireball
 17994 | Lair:3   | Learned a level 3 spell: Ignite Poison
 18021 | Lair:3   | Noticed Snorg
 18022 | Lair:3   | Found a staircase to the Shoals.
 18024 | Lair:3   | Got a dazzling whip
 18034 | Lair:3   | Reached XP level 13. HP: 69/75 MP: 15/27
 18041 | Lair:3   | Killed Snorg
 18143 | Lair:3   | Identified the +10 whip of Wisixup {slash, MR++ Str+2} (You found it on level 3 of the Lair of Beasts)
 18999 | Lair:4   | Offered knowledge of Bolt of Draining by Vehumet.
 19232 | Lair:4   | Noticed Urug
 19241 | Lair:4   | Killed Urug
 19394 | Lair:4   | Reached skill level 11 in Spellcasting
 19798 | Lair:5   | Reached skill level 10 in Earth Magic
 20589 | Lair:6   | Entered Level 6 of the Lair of Beasts
 20893 | Lair:6   | Found a staircase to the Slime Pits.
 21358 | Lair:6   | Gained mutation: Your large and strong wings let you fly indefinitely. [Gargoyle growth]
 21358 | Lair:6   | Reached XP level 14. HP: 52/82 MP: 5/29
 21867 | Lair:1   | Identified a scroll of acquirement
 21882 | Lair:1   | Gained mutation: You can translocate small distances at will. [potion of beneficial mutation]
 21883 | Lair:1   | Gained mutation: You have a pair of small horns on your head. [potion of beneficial mutation]
 22376 | Lair:6   | Offered knowledge of Spellforged Servitor by Vehumet.
 22825 | Lair:6   | Noticed a dire elephant
 22825 | Lair:6   | Noticed a dire elephant
 22829 | Lair:6   | Noticed a dire elephant
 22846 | Lair:6   | Killed a dire elephant
 23348 | Lair:6   | Noticed a dire elephant
 23375 | Lair:6   | Killed a dire elephant
 23385 | Lair:6   | Killed a dire elephant
 24286 | Lair:6   | Killed a dire elephant
 24609 | Orc:1    | Entered Level 1 of the Orcish Mines
 24633 | Orc:1    | Found a frozen archway.
 24661 | IceCv    | Entered an ice cave
 25400 | IceCv    | Got an ancient brass amulet
 25455 | IceCv    | Identified the amulet of Monotheism {Reflect rPois rN+ SH+2} (You found it in an ice cave)
 25796 | Orc:1    | Upgraded the game from 0.19-a0-1292-g796ee4d to 0.19-a0-1320-g0178847
 25854 | Orc:2    | Entered Level 2 of the Orcish Mines
 25932 | Orc:2    | Noticed Nergalle
 26120 | Orc:2    | Noticed Sonja
 26128 | Orc:1    | Reached skill level 5 in Fire Magic
 26376 | Orc:2    | Found a roughly hewn altar of Beogh.
 26376 | Orc:2    | Found Giymidd's General Store.
 26377 | Orc:2    | Noticed an orc warlord
 26404 | Orc:2    | Killed Sonja
 26404 | Orc:2    | Reached skill level 12 in Spellcasting
 26814 | Orc:2    | Found a staircase to the Elven Halls.
 27097 | Orc:1    | Killed Nergalle
 27249 | Orc:1    | Killed an orc warlord
 27460 | Orc:2    | Found Hiurepir's Antique Armour Shoppe.
 27465 | Orc:2    | Found Esto's Jewellery Shoppe.
 27546 | Orc:2    | Bought a scroll of identify for 32 gold pieces
 27546 | Orc:2    | Bought a scroll of identify for 32 gold pieces
 27555 | Orc:2    | Found Ikhlih Udue's Antique Weapon Shoppe.
 27843 | Orc:2    | Bought an uncursed ring of see invisible for 195 gold pieces
 28090 | D:12     | Reached XP level 15. HP: 83/88 MP: 22/31
 28413 | D:12     | Reached ****** piety under Vehumet
 29067 | D:13     | Got a brightly glowing ring mail
 29068 | D:13     | Identified the +4 ring mail of Bohorypn {Dex+8} (You found it on level 13 of the Dungeon)
 29172 | Lair:3   | Got a shimmering ring mail
 29173 | Lair:3   | Identified the +5 ring mail of Qazlal's Hope {rElec Str+5 Int-4 Dex+8} (You found it on level 3 of the Lair of Beasts)
 29296 | D:13     | Offered knowledge of Orb of Destruction by Vehumet.
 29333 | D:13     | Found Goqu's Magic Scroll Shop.
 29341 | D:13     | Bought a scroll of teleportation for 39 gold pieces
 29341 | D:13     | Bought a scroll of identify for 26 gold pieces
 29341 | D:13     | Bought a scroll of identify for 26 gold pieces
 29341 | D:13     | Bought a scroll of identify for 26 gold pieces
 29341 | D:13     | Bought 2 scrolls of identify for 52 gold pieces
 29956 | D:13     | Found Fyxeiz's Jewellery Shop.
 30148 | D:13     | Reached skill level 10 in Conjurations
 30279 | D:13     | Found a gate to the Vaults.
 30318 | D:13     | Found Lyngul's Antique Weapon Boutique.
 30320 | D:13     | Found Ytuplekao's Magic Scroll Boutique.
 30328 | D:13     | Bought a scroll of identify for 22 gold pieces
 30612 | D:13     | Found a deep blue altar of Sif Muna.
 31138 | D:14     | Found Lisydeni's Weapon Emporium.
 31534 | D:14     | Offered knowledge of Poisonous Cloud by Vehumet.
 31841 | D:15     | Entered Level 15 of the Dungeon
 32062 | D:15     | Learned a level 6 spell: Iron Shot
 32391 | D:15     | Found a hazy altar of Hepliaklqana.
 32683 | D:15     | Reached XP level 16. HP: 87/96 MP: 32/32
 32831 | D:15     | Found a staircase to the Depths.
 33380 | Shoals:1 | Entered Level 1 of the Shoals
 33412 | Shoals:1 | Noticed Josephine
 33629 | Shoals:1 | Killed Josephine
 34492 | Elf:1    | Entered Level 1 of the Elven Halls
 34502 | Elf:1    | Reached skill level 13 in Spellcasting
 34701 | Elf:1    | Found a ruined silver gateway.
 34724 | Desolati | Entered the Desolation of Salt
 34772 | Desolati | Killed from afar by a ragged hierophant

Vault maps used:
D:1:      minmay_arrival_doors
D:2:      first_bread, minmay_tiny_reverse_x
D:4:      kennysheep_okawaru_gauntlet, uniq_grinder
D:5:      lemuel_doored_altar, minmay_misc_feat_room, grunt_decor_fettered,
          serial_park_tiny_2
D:6:      gup_sewer_entry_bowl, serial_shops, shop, minmay_misc_feat_tiny
D:7:      grunt_ogre_cave, minmay_misc_feat_rows, wad_floor_pattern_1,
          nicolae_lava_and_water, grunt_ministairs_14, uniq_crazy_yiuf_cottage
D:8:      marbit_many_paths, serial_shops, shop, shop, basic_altar, uniq_erica
D:9:      orc_0_dummy
D:10:     uniq_grum
D:11:     david_lair_generic, minivault_26
D:13:     minmay_open_boxes_in_corner, erik_vaults_1, serial_shops,
          nicolae_shop_statue_plus, nicolae_shop_temple_entry_statues_fountains,
          shop, shop, solitary_fountain, tgw_sif
D:14:     serial_shops, shop
D:15:     grunt_enter_depths_snipers, lemuel_tele_altar, grunt_ministairs_15
Temple:   regret_index_temple_mists
Lair:1:   beast_lair_carwin_6
Lair:2:   guppyfry_snake_entry_garden, enter_volcano_4, basic_altar,
          minmay_lindwurm_lava
Lair:3:   minmay_shoals_entry_centaurs, grunt_megastairs_2, uniq_snorg
Lair:4:   minivault_19, infiniplex_staircase_pool, uniq_urug
Lair:6:   due_jungle_book, nicolae_slime_entry_slimehenge
Shoals:1: uniq_josephine
Orc:1:    portal_ice_cave_entry_pillars_1
Orc:2:    grunt_orc_cross, uniq_sonja
Elf:1:    minmay_elf_arrival_plus, portal_desolation_entry_ruin, special_room,
          serial_shops, nicolae_shop_temple_entry_statues_fountains,
          hangedman_elf_disciples, minmay_elf_annihilation
Sewer:    sewer_co_scattered_pipes
IceCv:    ice_cave_small_dragons
Volcano:  volcano_grotto

Skill      XL: |  1  2  3  4  5  6  7  8  9 10 11 12 13 14 15 16 |
---------------+-------------------------------------------------+-----
Earth Magic    | 4 5 6 7 8 9 10 11 12 | 12.0
Spellcasting   | 3 4 5 6 7 8 9 10 11 12 13 | 13.0
Conjurations   | 1 3 4 5 6 7 8 9 10 | 10.3
Maces & Flails | 1 2 4 5 6 7 8 |  8.8
Armour         | 1 2 4 5 6 7 8 9 |  9.0
Dodging        | 2 3 4 5 6 7 |  7.3
Fighting       | 1 2 4 5 6 7 8 9 |  9.4
Shields        | 1 2 3 4 5 7 8 9 |  9.6
Evocations     | 2 3 4 5 6 7 |  7.7
Fire Magic     | 2 3 5 6 7 |  7.2
Stealth        | |  2.1
Transmutations | |  0.7

Action                   |  1- 3 |  4- 6 |  7- 9 | 10-12 | 13-15 | 16-18 || total
-------------------------+-------+-------+-------+-------+-------+-------++-------
Melee: Club              |    39 |     2 |       |       |       |       ||    41
       Flail             |       |    15 |    28 |       |       |       ||    43
       Mace              |       |       |   230 |   245 |       |       ||   475
       Unarmed           |       |       |       |     3 |       |       ||     3
       Whip              |       |       |       |       |   681 |    92 ||   773
       Headbutt          |       |       |       |       |   100 |    24 ||   124
 Cast: Sandblast         |    74 |    77 |   181 |   137 |     9 |       ||   478
       Stone Arrow       |       |       |   109 |   251 |   181 |    34 ||   575
       Mephitic Cloud    |       |       |     1 |    66 |   257 |    22 ||   346
       Lee's Rapid Decon |       |       |       |    17 |    19 |     7 ||    43
       Bolt of Magma     |       |       |       |     4 |     2 |       ||     6
       Ignite Poison     |       |       |       |     3 |   150 |    13 ||   166
       Fireball          |       |       |       |       |    25 |     8 ||    33
 Abil: Fly               |       |       |       |       |     1 |       ||     1
  Use: Scroll            |       |       |    20 |     5 |    12 |     4 ||    41
       Potion            |       |       |       |     2 |     2 |       ||     4
 Stab: Confused          |       |       |       |    10 |    24 |     5 ||    39
       Distracted        |       |       |       |     1 |     2 |       ||     3
       Sleeping          |       |       |       |       |       |     1 ||     1
  Eat: Chunk             |     3 |     5 |    24 |    26 |    43 |     6 ||   107
       Pizza             |       |       |       |     1 |     1 |       ||     2
       Royal jelly       |       |       |       |     2 |       |       ||     2
       Bread ration      |       |       |       |       |     1 |     1 ||     2
       Meat ration       |       |       |       |       |     1 |       ||     1
Armor: Robe              |    41 |    19 |   210 |   192 |    59 |       ||   521
       Leather armour    |       |       |       |       |   102 |    22 ||   124
       Ring mail         |       |       |       |       |    86 |    62 ||   148
Dodge: Dodged            |    54 |    23 |   319 |   240 |   352 |   121 ||  1109
Block: Buckler           |       |       |       |    59 |   226 |    89 ||   374
       Reflection        |       |       |       |       |    29 |     1 ||    30
